 Dungeon Crawl Stone Soup version 0.14.2 (webtiles) character file.

142 Amnesiac the Charlatan (level 4, -5/22 HPs)
             Began as a Spriggan Artificer on Feb 11, 2018.
             Killed by nerve-wracking pain
             ... invoked by Grinder
              (10 damage)
             ... while paralysed by Grinder
             ... on Level 3 of the Dungeon.
             The game lasted 00:05:49 (3001 turns).

Amnesiac the Charlatan (Spriggan Artificer)         Turns: 3001, Time: 00:05:50

HP  -5/22        AC  2     Str  8      XL: 4   Next: 51%
MP  11/11        EV  4     Int 13      God:
Gold 39          SH  0     Dex 16      Spells:  0 memorised,  3 levels left

rFire  . . .     SeeInvis +     b - +0 sling
rCold  . . .     Clarity  .     e - +0 robe
rNeg   . . .     Conserve .     (shield restricted)
rPois  .         rCorr    .     (helmet restricted)
rElec  .         rRot     .     (no cloak)
SustAb . .       Spirit   .     (gloves unavailable)
rMut   .         Warding  .     (boots unavailable)
Saprov . . .     Stasis   .     (no amulet)
MR     .....                    (no ring)
                                (no ring)

@: paralysed, very quick, not resistant to hostile enchantments, fairly stealthy
A: unfitting armour, see invisible, herbivore 3, speed 3, slow metabolism 2
a: no special abilities


You were on level 3 of the Dungeon.
You were not hungry.

You visited 1 branch of the dungeon, and saw 3 of its levels.

You collected 39 gold pieces.

Inventory:

Hand weapons
 a - a +0,+0 short sword
 b - a +0,+0 sling (weapon)
 u - a +0,+0 war axe
Missiles
 g - 4 tomahawks
 s - 32 poisoned needles
 y - 46 stones (quivered)
Armour
 e - a +0 robe (worn)
 C - a +0 hat
Magical devices
 c - a wand of enslavement (15)
 d - a wand of random effects (15)
 x - a wand of flame (15)
Comestibles
 D - a bread ration
Scrolls
 j - 2 scrolls of enchant weapon II {!r, unknown}
 k - 2 scrolls of enchant weapon I {!r, unknown}
 n - 2 scrolls of teleportation {!r, unknown}
 o - a scroll of noise {!r, unknown}
 p - 2 scrolls of identify {!r, unknown}
 q - 3 scrolls of remove curse {!r, unknown}
 t - a scroll of magic mapping {!r, unknown}
 A - a scroll of immolation {!r, unknown}
Jewellery
 r - a cursed ring of teleportation {unknown}
 z - an uncursed amulet of resist corrosion {unknown}
 B - an uncursed ring of magical power {unknown}
Potions
 f - a potion of porridge {!q}
 h - a potion of degeneration {!q, unknown}
 i - a potion of might {!q, unknown}
 l - 3 potions of curing {!q, unknown}
 m - 2 potions of restore abilities {!q, unknown}
 v - a potion of mutation {!q, unknown}
 w - 2 potions of resistance {!q, unknown}
 F - a potion of cure mutation {!q, unknown}
Books
 E - a book of Transfigurations

   Spells                             Type                      Level
   Stoneskin                          Transmutation/Earth          2
   Ice Form                           Ice/Transmutation            4
   Statue Form                        Transmutation/Earth          6
   Dragon Form                        Transmutation                7


   Skills:
 - Level 1.0 Fighting
 - Level 2.0 Short Blades
 + Level 2.4 Slings
 - Level 2.0 Throwing
 - Level 3.6 Dodging
 - Level 2.0 Stealth
 - Level 5.2 Evocations


You had 3 spell levels left.
You didn't know any spells.

Dungeon Overview and Level Annotations

Branches:
Dungeon (3/15)

Altars:

Annotations:
D:3 Grinder


Innate Abilities, Weirdness & Mutations

You are tiny and cannot use many weapons and most armour.
You have supernaturally acute eyesight.
You are a herbivore.
You cover ground extremely quickly.
You need consume almost no food.


Message History

A goblin is nearby!
Firing (i - inventory. (,) - cycle):
y - 36 stones (quivered)
Press: ? - help, Shift-Dir - straight line, f - goblin
Aim: a goblin, wielding a club You shoot a stone.
The stone hits the goblin.
You kill the goblin!
No target in view!
No target in view!
No target in view!
s - 32 poisoned needles (gained 12)
n - 2 scrolls labeled MIOZEQIKIU {!r} (gained 1)
F - a fizzy blue potion {!q}
y - 36 stones (gained 1)
Things that are here:
a club; a goblin corpse
y - 51 stones (gained 15)
Found a stone staircase leading up.
Found a spear.
A hobgoblin and Grinder come into view.
You see here a scroll labeled JEUDGH OTWAICW {!r}.
There are monsters nearby!
Firing (i - inventory. (,) - cycle):
y - 51 stones (quivered)
Press: ? - help, Shift-Dir - straight line, f - hobgoblin
Aim: a hobgoblin (resting)
You shoot a stone. The stone misses the hobgoblin.
Grinder shouts!
The hobgoblin picks up a stone.
Firing (i - inventory. (,) - cycle):
y - 50 stones (quivered)
Press: ? - help, Shift-Dir - straight line, f - Grinder, p - hobgoblin
Aim: Grinder You shoot a stone.
The stone hits Grinder.
Grinder is lightly wounded.
The hobgoblin throws a stone.
The stone misses you.
Firing (i - inventory. (,) - cycle):
y - 49 stones (quivered)
Press: ? - help, Shift-Dir - straight line, f/p - Grinder
Aim: Grinder (lightly wounded)
You shoot a stone. The stone hits Grinder.
Grinder is lightly wounded.
Grinder gestures at you. Pain shoots through your body!
Firing (i - inventory. (,) - cycle):
y - 48 stones (quivered)
Press: ? - help, Shift-Dir - straight line, f/p - Grinder
Aim: Grinder (lightly wounded)
You shoot a stone. The stone hits Grinder.
Grinder is lightly wounded.
The hobgoblin zaps a wand.
The magic dart hits you!
* * * LOW HITPOINT WARNING * * *
Firing (i - inventory. (,) - cycle):
y - 47 stones (quivered)
Press: ? - help, Shift-Dir - straight line, f/p - Grinder
Aim: Grinder (lightly wounded)
You shoot a stone. The stone hits Grinder.
Grinder is lightly wounded.
The hobgoblin zaps a wand.
The magic dart hits you!
* * * LOW HITPOINT WARNING * * *
Grinder gestures at you.
You suddenly lose the ability to move!
Grinder gestures at you.
You struggle to resist.
Grinder says, "My boss said I was rubbish.
His entrails said otherwise."
Grinder gestures at you. You resist. Grinder gestures at you.
Pain shoots through your body!
You die...

# .. ..###
.#..
.....###.#.#.
..#.)........
...........#
###..........
#..?..g...#
#<#..@....#
#.#.......#
##.#.......#
##....##5##.#
#..#..# .# #
#....## (#
#.#.## (#
#.#.# (#
#.#.. .


You could see Grinder and a hobgoblin.

Vanquished Creatures
  2 adders (D:2)
  2 worms (D:2)
  A giant gecko (D:1)
  An ooze (D:1)
  4 orcs (D:3)
  10 bats
  12 goblins
  5 hobgoblins
  6 jackals
  6 giant cockroaches
  2 giant newts
  9 kobolds
  8 rats
68 creatures vanquished.

Notes
Turn   | Place    | Note
--------------------------------------------------------------
     0 | D:1      | Amnesiac, the Spriggan Artificer, began the quest for the Orb.
     0 | D:1      | Reached XP level 1. HP: 9/9 MP: 2/2
    40 | D:1      | Reached skill level 1 in Fighting
   259 | D:1      | Reached XP level 2. HP: 14/14 MP: 5/5
   998 | D:1      | Reached XP level 3. HP: 10/18 MP: 8/8
  1322 | D:2      | Reached skill level 5 in Evocations
  1826 | D:2      | Reached skill level 1 in Throwing
  2090 | D:2      | Reached XP level 4. HP: 19/22 MP: 11/11
  2459 | D:2      | Reached skill level 1 in Slings
  2991 | D:3      | Noticed Grinder
  2996 | D:3      | Paralysed by Grinder for 7 turns
  3001 | D:3      | Killed from afar by Grinder

Action                   |  1- 3 |  4- 6 || total
-------------------------+-------+-------++-------
Melee: Short sword       |   188 |    39 ||   227
       War axe           |    22 |       ||    22
 Fire: Sling             |       |    43 ||    43
Throw: Tomahawk          |     4 |       ||     4
 Stab: Sleeping          |     5 |       ||     5
